 Dungeon Crawl Stone Soup version 0.21.1-1-g345015f (webtiles) character file.

28 letownia2 the Ducker (level 3, -2/28 HPs)
             Began as a Merfolk Skald on Feb 13, 2018.
             Killed from afar by Sigmund (9 damage)
             ... with a wand of flame (16)
             ... on level 2 of the Dungeon.
             The game lasted 00:02:08 (364 turns).

letownia2 the Ducker (Merfolk Skald)                 Turns: 364, Time: 00:02:09

Health: -2/28      AC:  3    Str: 12    XL:     3   Next: 12%
Magic:  5/6        EV: 13    Int: 12    God:
Gold:   10         SH:  0    Dex: 13    Spells: 1/6 levels left

rFire    . . .     SeeInvis .   g - +1 dagger (venom)
rCold    . . .     Gourm    .   (no shield)
rNeg     . . .     Faith    .   b - +0 leather armour
rPois    .         Spirit   .   (no helmet)
rElec    .         Reflect  .   (no cloak)
rCorr    .         Harm     .   (no gloves)
MR       .....                  (no boots)
Stlth    +.........             (no amulet)
HPRegen  0.09/turn              (no ring)
MPRegen  0.10/turn              (no ring)

@: shrouded (expiring)
A: change form in water, swift swim, stealthy swim
a: no special abilities


You were on level 2 of the Dungeon.
You were not hungry.

You visited 1 branch of the dungeon, and saw 2 of its levels.

You collected 10 gold pieces.

Inventory:

Hand Weapons
 a - a +0 spear
 g - a +1 dagger of venom (weapon)
Armour
 b - a +0 leather armour (worn)
Scrolls
 e - a scroll of teleportation {unknown}
Books
 c - a book of Battle

   Spells                             Type                      Level
   a - Infusion                       Charms                       1
   b - Shroud of Golubria             Charms/Translocation         2
   c - Song of Slaying                Charms                       2
   d - Spectral Weapon                Hexes/Charms                 3
   e - Regeneration                   Charms/Necromancy            3
Comestibles
 d - a ration
 f - 6 chunks of flesh


   Skills:
 + Level 2.6 Fighting
 - Level 3.6 Polearms
 - Level 0.6 Armour
 + Level 3.7 Dodging
 - Level 2.0 Spellcasting
 + Level 3.3 Charms
 + Level 0.1 Translocations


You had one spell level left.
You knew the following spells:

 Your Spells              Type           Power        Failure   Level  Hunger
a - Infusion              Chrm           #...         9%          1    ##.....
l - Song of Slaying       Chrm           #.......     13%         2    ###....
t - Shroud of Golubria    Chrm/Tloc      #.........   26%         2    ###....


Dungeon Overview and Level Annotations

Branches:
Dungeon (2/15)

Altars:

Annotations:
D:2 Sigmund


Message History

The rat bites you but does no damage. The kobold hits you with a dagger.
* * * LOW HITPOINT WARNING * * *
Sigmund the Dreaded comes into view.
He is wielding a scythe of freezing.
You hit the rat but do no damage.
The rat is poisoned.
You kill the kobold!
The bat hits you but does no damage. Sigmund asks, "Do you like me?"
Sigmund mumbles some strange words.
Sigmund flickers and vanishes!
Deactivating autopickup; reactivate with Ctrl-A.
The rat bites you but does no damage.
You miss the bat. The bat completely misses you. The rat bites you.
* * * LOW HITPOINT WARNING * * *
Unknown command.
Your shroud begins to fray at the edges.
The bat barely misses you.
You hear a zap.
A puff of flame appears from out of thin air!
The puff of flame hits you!
You die...

.g.... .....
..$. ... ..###
#
######...#.####
.......).......
#.@.b..=..
#.....r#.>....
......... .....
##.......# ##..
##....... .
#........
#........
#../.##..#


You could see a gnoll (wandering), a bat and a rat.

Vanquished Creatures
  An ooze (D:1)
  A dart slug (D:1)
  2 leopard geckos (D:1)
  2 bats (D:1)
  A giant cockroach (D:1)
  6 goblins
  2 kobolds
  2 frilled lizards (D:1)
  A rat (D:1)
18 creatures vanquished.

Notes
Turn   | Place    | Note
-------+----------+-------------------------------------------
     0 | D:1      | letownia2 the Merfolk Skald began the quest for the Orb.
     0 | D:1      | Reached XP level 1. HP: 16/16 MP: 3/3
   127 | D:1      | Reached XP level 2. HP: 16/22 MP: 5/5
   140 | D:1      | Learned a level 2 spell: Shroud of Golubria
   302 | D:1      | Reached XP level 3. HP: 8/28 MP: 0/6
   310 | D:1      | Learned a level 2 spell: Song of Slaying
   362 | D:2      | Noticed Sigmund
   364 | D:2      | Killed from afar by Sigmund

Skill      XL: |  1 |
---------------+----+-----
Dodging        | 3 |  3.7
Fighting       | |  2.6
Polearms       | |  3.6
Armour         | |  0.6
Spellcasting   | |  2.0
Charms         | |  3.3
Translocations | |  0.1

Action                   || total
-------------------------++-------
Melee: Spear             ||    39
       Dagger            ||    37
 Cast: Shroud of Golubri ||     5
  Use: Potion            ||     1
 Stab: Sleeping          ||     1
Armor: Leather armour    ||    13
Dodge: Dodged            ||    55
